 Dungeon Crawl Stone Soup version 0.31-a0-149-g3fdcc5976a (webtiles) character file.

Game seed: 8627760324412384224

480 greynaab the Cudgeller (level 5, -12/41 HPs)
             Began as a Demonspawn Monk on June 7, 2023.
             Was a Believer of Ru.
             Mangled by Pikel
             ... wielding a +2 whip of electrocution
              (14 damage)
             ... while paralysed by Pikel
             ... on level 4 of the Dungeon.
             The game lasted 00:07:44 (2753 turns).

greynaab the Cudgeller (Demonspawn Monk)            Turns: 2753, Time: 00:07:44

Health: -12/41     AC:  7    Str: 13    XL:     5   Next: 86%
Magic:  5/5        EV:  2    Int: 12    God:    Ru [**....]
Gold:   271        SH:  0    Dex: 21    Spells: 4/4 levels left

rFire   . . .        b - +0 whip (elec)
rCold   . . .        d - orb {light}
rNeg    . . .        o - +0 leather armour
rPois   .            (helmet restricted)
rElec   .            u - +0 cloak
rCorr   .            y - +0 pair of gloves
SInv    .            (no boots)
Will    +....        (no amulet)
Stlth   +            e - +6 ring of dexterity
HPRegen 0.26/turn    n - ring of willpower
MPRegen 0.09/turn

%: no passive effects
@: paralysed, glowing
A: horns 2, molten scales 1, spiny 1, inexperienced 1
a: Renounce Religion


You were on level 4 of the Dungeon.
You worshipped Ru.
Ru was pleased with you.
You visited 1 branch of the dungeon, and saw 4 of its levels.

You collected 271 gold pieces.

Inventory:

Hand Weapons
 a - a +2 mace of protection
 b - a +0 whip of electrocution (weapon)
Missiles
 p - 5 poisoned darts
Armour
 d - an orb of light (worn)
 o - a +0 leather armour (worn)
 u - a +0 cloak (worn)
 w - a +0 buckler
 y - a +0 pair of gloves (worn)
 D - a +0 kite shield
Magical Staves
 i - a staff of cold
Jewellery
 e - a +6 ring of dexterity (left hand)
 l - a ring of willpower
 n - a ring of willpower (right hand)
 q - a ring of ice
 A - the amulet of the Chewing Gods {Acrobat +Blink rElec}
   (You found it on level 4 of the Dungeon)

   [amulet of the acrobat]

   It increases your evasion while moving and waiting.
   rElec:     It insulates you from electricity.
   +Blink:    It lets you blink.
Wands
 t - a wand of mindburst (20)
Scrolls
 g - a scroll of noise
 j - a scroll of fear
 k - 2 scrolls of butterflies {unknown}
 r - 2 scrolls of teleportation {unknown}
 s - a scroll of identify
 v - 2 scrolls of blinking
 B - 2 scrolls of immolation {unknown}
 C - a scroll of amnesia {unknown}
 F - a scroll of enchant armour {unknown}
Potions
 c - a potion of ambrosia
 f - 4 potions of curing {unknown}
 h - a potion of haste
 m - 2 potions of cancellation {unknown}
 x - a potion of brilliance {unknown}
 z - a potion of resistance {unknown}
 E - a potion of mutation {unknown}


   Skills:
 - Level 3.0 Fighting
 + Level 7.2 Maces & Flails
 - Level 2.6 Dodging


You had 4 spell levels left.
You didn't know any spells.
Your spell library contained the following spells:

 Spells                   Type           Power      Damage    Failure   Level
 Freeze                   Ice            0%         1d3       38%         1
 Dazzling Flash           Conj/Hex       0%         N/A       77%         3
 Frozen Ramparts          Ice            0%         1d1       77%         3
 Gell's Gravitas          Tloc           0%         N/A       77%         3
 Hailstorm                Conj/Ice       0%         3d3       77%         3
 Teleport Other           Tloc           0%         N/A       77%         3
 Volatile Blastmotes      Fire/Tloc      0%         2d10      77%         3
 Iskenderun's Mystic Bla  Conj/Tloc      0%         2d3       99%         4
 Leda's Liquefaction      Hex/Erth       0%         N/A       99%         4
 Lee's Rapid Deconstruct  Erth           0%         3d4*      100%        5
 Dispersal                Tloc           0%         N/A       100%        6
 Leda's Unmaking          Conj/Erth      0%         9d1       100%        6
 Starburst                Conj/Fire      0%         6d3       100%        6
 Statue Form              Tmut/Erth      0%         N/A       100%        6


Dungeon Overview and Level Annotations

Branches:
Dungeon (4/15) Zot: 21226
 Temple: D:4-7

Altars:
Dithmenos
Ru

Shops:
D:3 :

Annotations:
D:4 Pikel


Innate Abilities, Weirdness & Mutations

You have a pair of horns on your head.
You are partially covered in molten scales. (AC +2)
You are partially covered in sharp spines.
You are somewhat inexperienced. (-1 XL)


Message History

No target in view!
Pikel, Merchant of Souls comes into view.
He is wielding a +2 whip of electrocution and carrying a wand of paralysis (14).
An orc comes into view. It is wielding a +0 club.
Pikel shouts!
The orc shouts!
You hit the orc.
The orc is heavily wounded.
You hear a shout! x2
The orc is struck by your spines. The orc hits you but does no damage.
You hit the orc but do no damage. Lightning courses through the orc!
You kill the orc!
No target in view!
You start waiting.
Pikel is nearby!
You barely miss Pikel. You headbutt Pikel, but do no damage.
Pikel zaps a wand.
You resist with almost no effort.
You hit Pikel but do no damage. Pikel is struck by your spines.
Pikel hits you but does no damage.
You hit Pikel but do no damage. Lightning courses through Pikel!!
Pikel is heavily wounded.
Pikel says, "I knew I should've brought a map."
Pikel hits you with a +2 whip of electrocution.
You are electrocuted!
You are too injured to fight recklessly!
You are too injured to fight recklessly!
You are too injured to fight recklessly!
You hit Pikel but do no damage.
Pikel is heavily wounded.
You hit Pikel.
Pikel is heavily wounded.
Pikel hits you but does no damage.
You hit Pikel but do no damage.
Pikel is heavily wounded.
Pikel zaps a wand.
You suddenly lose the ability to move!
Pikel hits you with a +2 whip of electrocution.
You are electrocuted!!
* * * LOW HITPOINT WARNING * * *
Pikel hits you with a +2 whip of electrocution.
* * * LOW HITPOINT WARNING * * *
You are electrocuted!
You die...

..)..........)..(#...##.##
.............<...#.#.#.....
......##'######+#..#...##.#
......#..#.......#.#.#.#...
......#..#.......#...#...#
......#..#.......#.#.#.#.
......#..#.........#... #
......#..'......K#.#.#.. ...
......##########@#.).##.###.
#####.. ###.#........
#..##.###.## ##.. .......
##. ##.###. ## ..... ...[
..5 ###


You could see Pikel.

Vanquished Creatures
  A sky beast (D:4)
  An ogre (D:4)
  A phantom (D:4)
  2 lemures (D:4)
  A hound (D:4)
  2 orc wizards
  4 gnolls (D:2)
  2 adders
  A worm (D:4)
  3 dart slugs
  4 orcs
  6 endoplasms
  5 giant cockroaches
  9 hobgoblins
  11 kobolds
  4 quokkas
  11 ball pythons
  4 bats
  5 frilled lizards
  3 goblins
  3 rats
83 creatures vanquished.

Notes
Turn   | Place    | Note
-------+----------+-------------------------------------------
     0 | D:1      | greynaab the Demonspawn Monk began the quest for the Orb.
     0 | D:1      | Reached XP level 1. HP: 18/18 MP: 1/1
    39 | D:1      | Reached skill level 3 in Maces & Flails
   131 | D:1      | Gained mutation: You are partially covered in molten
                  | scales. (AC +2) [demonic ancestry]
   131 | D:1      | Reached XP level 2. HP: 24/24 MP: 2/2
   813 | D:2      | Gained mutation: You have a pair of small horns on your
                  | head. [demonic ancestry]
   813 | D:2      | Reached XP level 3. HP: 29/29 MP: 3/3
  1013 | D:2      | Found a shadowy altar of Dithmenos.
  1050 | D:2      | Reached skill level 4 in Maces & Flails
  1194 | D:2      | Gained mutation: You are partially covered in sharp spines.
                  | [demonic ancestry]
  1194 | D:2      | Reached XP level 4. HP: 22/35 MP: 4/4
  1564 | D:3      | Found Plog's Book Shop.
  1636 | D:3      | Found a faded altar of an unknown god.
  1643 | D:3      | Prayed at the altar of an unknown god.
  1643 | D:3      | Became a worshipper of Ru the Awakened
  1645 | D:3      | Gained mutation: You are somewhat inexperienced. (-1 XL)
                  | [Ru sacrifice]
  1645 | D:3      | Reached XP level 3. HP: 29/29 MP: 3/3
  1645 | D:3      | Reached * piety under Ru
  1645 | D:3      | Reached ** piety under Ru
  1854 | D:3      | Reached skill level 5 in Maces & Flails
  2032 | D:3      | Reached XP level 4. HP: 29/35 MP: 4/4
  2119 | D:4      | Noticed an ogre
  2126 | D:4      | Killed an ogre
  2127 | D:4      | Reached skill level 6 in Maces & Flails
  2151 | D:4      | Gained mutation: You have a pair of horns on your head.
                  | [demonic ancestry]
  2151 | D:4      | Reached XP level 5. HP: 40/41 MP: 5/5
  2164 | D:4      | Identified the amulet of the Chewing Gods {Acrobat +Blink
                  | rElec}
  2516 | D:4      | Noticed a sky beast
  2524 | D:4      | Killed a sky beast
  2525 | D:4      | Reached skill level 7 in Maces & Flails
  2735 | D:4      | Noticed Pikel
  2751 | D:4      | Paralysed by Pikel for 3 turns
  2753 | D:4      | Mangled by Pikel

Illustrated notes

Levels and vault maps discovered:
D:1:      psy_arrival_spokes, layout_loops_ring
D:2:      layout_basic, basic_altar
D:3:      minmay_wonky_spiral, layout_basic,
          hellmonk_ecumenical_altar_slurped_away, serial_shops,
          nicolae_shop_pleasant_corner_grove
D:4:      layout_gridville, chequers_serial_rivers_small_b,
          chequers_mini_garden, nicolae_concentric_dashed_squares_wild,
          uniq_pikel

Skill      XL: |  1  2  3  4  5 |
---------------+----------------+-----
Maces & Flails | 3 5 6 7 |  7.2
Fighting       | |  3.0
Dodging        | |  2.6

Action                     |  1- 3 |  4- 6 || total
---------------------------+-------+-------++-------
  Melee: Mace              |   124 |    36 ||   160
         Headbutt          |    10 |    15 ||    25
         Whip              |       |    41 ||    41
 Invoke: Sacrifice Experie |     1 |       ||     1
  Evoke: Wand              |       |     3 ||     3
    Use: Scroll            |     4 |       ||     4
 Armour: Robe              |    21 |       ||    21
         Leather armour    |    20 |    17 ||    37
  Dodge: Dodged            |    89 |    32 ||   121

Table legend: (Time is in decaauts)
 A = Elapsed time spent in this place.
 B = Non-inter-level travel time spent in this place.
 C = Inter-level travel time spent in this place.
 D = Time resting spent in this place.
 E = Time spent auto-exploring this place.
 F = Levels seen in this place.
 G = Mean time per level.
                   A        B        C        D        E       F      G
               +--------+--------+--------+--------+--------+-----+--------+
         Total |   2772 |   2654 |    118 |     79 |   1989 |   4 |  693.0 |
       Dungeon |   2772 |   2654 |    118 |     79 |   1989 |   4 |  693.0 |
               +--------+--------+--------+--------+--------+-----+--------+

Top non-repeatable levels by time:
     D:1: 863 daAuts
     D:4: 709 daAuts
     D:2: 645 daAuts
     D:3: 554 daAuts
